 Dungeon Crawl Stone Soup version 0.15.1-1-gfacfea3 (webtiles) character file.

185 CrazyArbalest the Charlatan (level 5, 23/38 HPs)
             Began as a Demonspawn Artificer on Sept 20, 2014.
             Was a Follower of Makhleb.
             Quit the game on Level 3 of the Dungeon.
             The game lasted 00:17:48 (2753 turns).

CrazyArbalest the Charlatan (Demonspawn Artificer)  Turns: 2753, Time: 00:17:48

HP  23/38        AC  8     Str 13      XL: 5   Next: 37%
MP   8/8         EV  9     Int 13      God: Makhleb [*.....]
Gold 248         SH  0     Dex 13      Spells:  0 memorised,  4 levels left

rFire  . . .     SeeInvis .     n - +0 whip
rCold  . . .     Clarity  .     l - +0 ring mail
rNeg   . . .     rCorr    .     (no shield)
rPois  .         rRot     +     (helmet restricted)
rElec  .         Spirit   .     k - +0 cloak
SustAb .         Warding  .     (no gloves)
rMut   .         Stasis   .     (no boots)
Gourm  .                        (no amulet)
MR     .....                    (no ring)
                                (no ring)

@: not resistant to hostile enchantments, very unstealthy
A: horns 1, yellow scales 1, rot immunity
a: Renounce Religion


You were on level 3 of the Dungeon.
You worshipped Makhleb.
Makhleb was aware of your devotion.
You were not hungry.

You visited 1 branch of the dungeon, and saw 3 of its levels.

You collected 248 gold pieces.

Inventory:

Hand weapons
 a - a +0 short sword
 i - a +0 dagger of speed
 n - a +0 whip (weapon)
Missiles
 s - 39 bolts
Armour
 e - a +0 leather armour
 k - a +0 cloak (worn)
 l - a +0 ring mail (worn)
Magical devices
 b - a wand of flame (1)
 c - a wand of enslavement (15)
 d - a wand of random effects (0)
Comestibles
 f - 4 bread rations
 h - 3 meat rations
 v - a royal jelly
 A - a chunk of bat flesh
Scrolls
 g - 2 scrolls of enchant weapon {unknown}
 j - 2 scrolls of blinking {unknown}
 m - 5 scrolls of remove curse {unknown}
 o - a scroll of fog {unknown}
 q - a scroll of immolation {unknown}
 w - a scroll of fear {unknown}
 x - 4 scrolls of identify {unknown}
Potions
 p - 2 potions of might {unknown}
 r - a potion of curing {unknown}
 t - a potion of heal wounds {unknown}
 u - 2 potions of degeneration {unknown}
 z - a potion of haste {unknown}


   Skills:
 + Level 1.9 Fighting
 + Level 1.1 Short Blades
 + Level 2.4 Armour
 + Level 3.1 Dodging
 + Level 0.8 Stealth
 + Level 4.1 Evocations


You had 4 spell levels left.
You didn't know any spells.

Dungeon Overview and Level Annotations

Branches:
Dungeon (3/15)

Altars:
Makhleb


Innate Abilities, Weirdness & Mutations

You have a pair of small horns on your head.
You are partially covered in yellow scales (AC +2).
You are immune to rotting.


Message History

The giant gecko closely misses you.
You closely miss the giant gecko. Your headbutt misses the giant gecko.
The giant gecko bites you but does no damage.
The giant gecko closely misses you.
You hit the giant gecko. Your headbutt misses the giant gecko.
The giant gecko is heavily wounded.
The giant gecko bites you.
You hit the giant gecko.
You kill the giant gecko!
Makhleb accepts your kill.
You feel a little better.
Things that are here:
a dagger; a giant gecko corpse Welcome back, CrazyArbalest the Demonspawn Artificer.
Blood and souls for Makhleb!
Press ? for a list of commands and other information.
Welcome back, CrazyArbalest the Demonspawn Artificer.
Blood and souls for Makhleb!
Press ? for a list of commands and other information.
Are you sure you want to abandon this character and quit the game? (Confirm with "yes".)

#########################
............##..@........
.##########.##.#########.
.# #...<....# .#
#........# ## #.#####.>#
#.# ..# ..# )# #..# #
#..#


There were no monsters in sight!

Vanquished Creatures
  2 orc wizards (D:3)
  Jessica (D:3)
  3 adders
  3 worms
  5 giant geckos
  7 orcs
  8 bats
  2 giant cockroaches
  6 goblins
  4 hobgoblins
  10 jackals
  2 giant newts (D:3)
  A kobold (D:1)
  6 rats
60 creatures vanquished.

Vanquished Creatures (collateral kills)
  An adder (D:2)
  A hobgoblin (D:2)
2 creatures vanquished.

Vanquished Creatures (others)
  An adder (D:2)
1 creature vanquished.

Grand Total: 63 creatures vanquished

Notes
Turn   | Place    | Note
--------------------------------------------------------------
     0 | D:1      | CrazyArbalest, the Demonspawn Artificer, began the quest for the Orb.
     0 | D:1      | Reached XP level 1. HP: 15/15 MP: 1/1
     6 | D:1      | Noticed a hog
     6 | D:1      | Noticed a lindwurm
     6 | D:1      | Noticed a black bear
     6 | D:1      | Noticed a wyvern
   260 | D:1      | Gained mutation: You are immune to rotting. [demonic ancestry]
   260 | D:1      | Reached XP level 2. HP: 15/21 MP: 3/3
  1182 | D:1      | Reached XP level 3. HP: 22/26 MP: 4/4
  1314 | D:1      | Reached skill level 1 in Armour
  1951 | D:2      | Found a burning altar of Makhleb.
  1972 | D:2      | Became a worshipper of Makhleb the Destroyer
  2069 | D:2      | Reached skill level 1 in Short Blades
  2098 | D:2      | Gained mutation: You have a pair of small horns on your head. [demonic ancestry]
  2098 | D:2      | Reached XP level 4. HP: 24/32 MP: 6/6
  2333 | D:3      | Acquired Makhleb's first power
  2575 | D:3      | Reached skill level 4 in Evocations
  2581 | D:3      | Gained mutation: You are partially covered in yellow scales (AC +2). [demonic ancestry]
  2581 | D:3      | Reached XP level 5. HP: 16/38 MP: 8/8
  2671 | D:3      | Noticed Jessica
  2674 | D:3      | Killed Jessica
  2753 | D:3      | Quit the game

Action                   |  1- 3 |  4- 6 || total
-------------------------+-------+-------++-------
Melee: Short sword       |   177 |     8 ||   185
       Whip              |       |    67 ||    67
Evoke: Wand              |    11 |    18 ||    29
  Eat: Chunk             |     4 |     2 ||     6
